 Dungeon Crawl Stone Soup version 0.28.0 (webtiles) character file.

Game seed: 8682122589415807459

0 ProzacElf the Sneak (level 1, 2/17 HPs)
             Began as a Vampire Delver on Feb 17, 2022.
             Quit the game on level 4 of the Dungeon.
             The game lasted 00:00:59 (76 turns).

ProzacElf the Sneak (Vampire Delver)                  Turns: 76, Time: 00:00:59

Health: 2/17       AC:  3    Str: 11    XL:     1   Next: 0%
Magic:  1/1        EV: 12    Int: 12    God:
Gold:   0          SH:  0    Dex: 15    Spells: 0/0 levels left

rFire   . . .      SeeInvis +   a - +0 falchion
rCold   . . .      Faith    .   (no shield)
rNeg    . . .      Spirit   .   h - +0 leather armour
rPois   .          Reflect  .   (no helmet)
rElec   .          Harm     .   (no cloak)
rCorr   .          Rampage  .   (no gloves)
Will    .....                   (no boots)
Stlth   +++.......              (no amulet)
HPRegen 0.25/turn               (no ring)
MPRegen 0.07/turn               (no ring)

@: lethally poisoned (2 -> -1), healing quickly
A: alive, fangs 3, see invisible, vampiric 1
a: Exsanguinate


You were on level 4 of the Dungeon.
You visited 1 branch of the dungeon, and saw 2 of its levels.

Inventory:

Hand Weapons
 a - a +0 falchion (weapon)
 b - a +0 rapier
Missiles
 i - 16 stones (quivered)
Armour
 h - a +0 leather armour (worn)
Wands
 g - a wand of digging (3)
Scrolls
 c - a scroll of fog
 d - a scroll of magic mapping
 e - a scroll of fear
Potions
 f - a potion of haste


   Skills:
 - Level 2.6 Fighting
 + Level 2.0 Long Blades
 + Level 2.1 Dodging
 - Level 7.2 Stealth


You couldn't memorise any spells.
You didn't know any spells.
Your spell library was empty.

Dungeon Overview and Level Annotations

Branches:
Dungeon (5/15)
 Temple: D:4-7

Altars:


Innate Abilities, Weirdness & Mutations

Your natural rate of healing is accelerated.
You have razor-sharp teeth.
You have supernaturally acute eyesight. (SInv)
You are afflicted with vampirism.


Message History

Tha ball python constricts ye.
Ye see 'ere a +0 robe.
Ye 'scape tha ball python's grasp.
Tha adder bites ye.
Thar be an op'n door 'ere.
Ye take 2 damage, an' haf 15/17 hp.
a - a +0 falchion (weapon)
Ye closely miss tha adder.
Tha adder barely misses ye.
Ye hit tha adder.
Tha adder be heavily wounded.
Tha adder bites ye.
Tha ball python closely misses ye.
Tha ball python grabs ye.
Tha ball python constricts ye.
Tha adder bites ye but does nay damage.
Tha ball python bites ye.
Tha ball python constricts ye.
Ye take 6 damage, an' haf 10/17 hp.
MASSIVE DAMAGE!!
Ye 'scape tha ball python's grasp.
Ye miss tha adder.
Tha adder be heavily wounded.
Tha adder completely misses ye.
Tha ball python bites ye but does nay damage.
Tha ball python barely misses ye.
Tha adder bites ye.
Ye be poison'd.
Tha adder poisons ye!
Ye take 1 damage, an' haf 9/17 hp.
Ye barely miss tha adder.
Tha adder be heavily wounded.
Ye feel sick.
Tha ball python closely misses ye.
Tha ball python grabs ye.
Tha ball python constricts ye.
Tha adder completely misses ye.
Tha ball python bites ye.
* * * LOW HITPOINT WARNIN'
* * * Tha ball python constricts ye.
Ye take 4 damage, an' haf 5/17 hp.
MASSIVE DAMAGE!!
Okay, than.
Ye 'scape tha ball python's grasp.
* * * LOW HITPOINT WARNIN'
* * * Ye feel sick.
Tha adder bites ye.
* * * LOW HITPOINT WARNIN'
* * * Tha adder completely misses ye.
Ye take 3 damage, an' haf 2/17 hp.
Okay, than.
Be ye sure ye want ta abandon 'tis character an' quit tha game? (Confirm wit' "aye".)

#.....####......
#...............
#####...........
#...........
#...........
#......####
#......#
#..S...#
#.S@...#
###'#####
#..[....#
#.......#
#.......#
#.......#
#.......#
#..........
#....(......


You could see an adder and a ball python.

Vanquished Creatures (others)
  A plant (D:5)
1 creature vanquished.

Notes
Turn   | Place    | Note
-------+----------+-------------------------------------------
     0 | D:5      | ProzacElf the Vampire Delver began the quest for the Orb.
     0 | D:5      | Reached XP level 1. HP: 17/17 MP: 1/1
     8 | D:5      | Noticed an ogre
     9 | D:5      | Noticed a lemure
    12 | D:5      | Noticed a necrophage
    76 | D:4      | Quit the game

Illustrated notes

Levels and vault maps discovered:
D:4:      layout_basic, hangedman_abyss_or_decor_jellyfish_corner
D:5:      layout_cave_pools, minmay_temple_entry_oklob, enter_ossuary_3,
          minmay_between, uniq_pikel, uniq_prince_ribbit1

Action                   || total
-------------------------++-------
Melee: Falchion          ||     4
       Rapier            ||     1
Armor: Leather armour    ||     2
Dodge: Dodged            ||    10
